 Dungeon Crawl Stone Soup version 0.26-a0-969-g2c58977ddd (webtiles) character file.

Game seed: 10696509487874290815

411 PentaManta the Bolt Thrower (level 6, -10/46 HPs)
             Began as a Barachi Hunter on Dec 4, 2020.
             Killed by divine providence
             ... invoked by an orc priest
              (15 damage)
             ... on level 4 of the Dungeon.
             The game lasted 00:07:53 (3524 turns).

PentaManta the Bolt Thrower (Barachi Hunter)        Turns: 3524, Time: 00:07:54

Health: -10/46     AC:  7    Str: 15    XL:     6   Next: 90%
Magic:  6/6        EV: 10    Int: 12    God:
Gold:   137        SH:  8    Dex: 12    Spells: 5/5 levels left

rFire    . . .     SeeInvis .   a - +1 hand crossbow
rCold    . . .     Faith    .   b - +0 buckler
rNeg     . . .     Spirit   .   l - +0 ring mail (curse)
rPois    .         Reflect  +   r - +0 helmet
rElec    .         Harm     .   t - +0 cloak
rCorr    .         Rampage  .   (no gloves)
MR       .....                  (no boots)
Stlth    +.........             p - amulet of reflection
HPRegen  0.15/turn              (no ring)
MPRegen  0.10/turn              (no ring)

@: slow
A: +LOS, swims, slowness 1, strong legs 1
a: Hop


You were on level 4 of the Dungeon.
You visited 1 branch of the dungeon, and saw 4 of its levels.

You collected 137 gold pieces.

Inventory:

Hand Weapons
 a - a +1 hand crossbow (weapon)
 f - a +1 short sword of speed
 g - a +0 hunting sling
 j - a +2 dagger of venom
Missiles
 d - 13 bolts (quivered)
 h - 100 stones
Armour
 b - a +0 buckler (worn)
 c - a +0 leather armour
 e - a +0 ring mail
 l - a cursed +0 ring mail (worn)
 r - a +0 helmet (worn)
 t - a +0 cloak (worn)
 w - a +0 chain mail
Jewellery
 p - an amulet of reflection (around neck)
Wands
 s - a wand of flame (7)
Potions
 m - a potion of mutation
 n - a potion of haste
 o - a potion of attraction {unknown}
 q - a potion of magic {unknown}
 u - a potion of lignification {unknown}


   Skills:
 - Level 2.4 Fighting
 - Level 2.1 Short Blades
 + Level 7.7 Crossbows
 - Level 2.1 Dodging
 - Level 0.8 Stealth


You had 5 spell levels left.
You didn't know any spells.
Your spell library was empty.

Dungeon Overview and Level Annotations

Branches:
Dungeon (4/15)
 Temple: D:4-7

Altars:
Nemelex Xobeh


Innate Abilities, Weirdness & Mutations

You can be seen from farther away. (+LOS)
You can swim through water.
You cover ground slowly.
You can hop short distances.


Message History

The orc barely misses you.
Your +2 dagger of venom stops dripping with poison.
a - a +1 hand crossbow (weapon)
You block the orc's attack.
Fire: 15 bolts
Press: ? - help, Q - select action, (/) - cycle Shift-Dir - straight line, f/p - orc priest
Aim: an orc priest, wielding a +0 falchion You shoot a bolt.
The bolt barely misses the orc.
The bolt barely misses the orc priest.
The orc priest casts a cantrip, but nothing happens.
The orc hits you with a +0 whip.
* * * LOW HITPOINT WARNING * * *
Fire: 14 bolts
Press: ? - help, Q - select action, (/) - cycle Shift-Dir - straight line, f/p - orc priest
Aim: an orc priest, wielding a +0 falchion You shoot a bolt.
The bolt hits the orc!!
You kill the orc!
The orc priest mumbles some strange prayers to Beogh against you.
Beogh smites you!
You die... #+####+#### ..(..(...# ..=.....# ....... ..... oo.

#+#)# #.#@# #.#.#
#.#.# #.#.#
##+##'#'## #........#
#........###.#.###
####.................
#.##........###(#.#.#


You could see an orc priest and an orc.

Vanquished Creatures
  An ogre (D:3)
  Blork the orc (D:4)
  A hound (D:4)
  An orc priest (D:4)
  An orc wizard (D:4)
  Robin (D:2)
  7 adders
  3 worms
  4 dart slugs (D:1)
  A leopard gecko (D:1)
  9 orcs
  5 bats
  10 giant cockroaches
  11 goblins
  6 hobgoblins
  9 kobolds (D:1)
  2 quokkas
  5 frilled lizards
  7 rats
85 creatures vanquished.

Vanquished Creatures (others)
  11 plants (D:1)
11 creatures vanquished.

Grand Total: 96 creatures vanquished

Notes
Turn   | Place    | Note
-------+----------+-------------------------------------------
     0 | D:1      | PentaManta the Barachi Hunter began the quest for the Orb.
     0 | D:1      | Reached XP level 1. HP: 17/17 MP: 1/1
   228 | D:1      | Reached skill level 1 in Short Blades
   233 | D:1      | Reached XP level 2. HP: 8/23 MP: 2/2
   945 | D:1      | Reached XP level 3. HP: 22/28 MP: 3/3
  1598 | D:2      | Reached skill level 5 in Crossbows
  1598 | D:2      | Reached XP level 4. HP: 30/34 MP: 4/4
  2452 | D:3      | Noticed Robin
  2468 | D:2      | Reached XP level 5. HP: 32/39 MP: 5/5
  2619 | D:2      | Killed Robin
  2694 | D:3      | Reached skill level 6 in Crossbows
  2780 | D:3      | Found a faded altar of an unknown god.
  2976 | D:3      | Found a sparkling altar of Nemelex Xobeh.
  3222 | D:3      | Noticed an ogre
  3229 | D:3      | Killed an ogre
  3230 | D:3      | Reached XP level 6. HP: 46/46 MP: 6/6
  3408 | D:4      | Reached skill level 7 in Crossbows
  3452 | D:4      | Noticed Blork the orc
  3468 | D:4      | Killed Blork the orc
  3519 | D:4      | HP: 1/46 [orc priest/divine providence (16)]
  3524 | D:4      | Killed from afar by an orc priest

Illustrated notes

Levels and vault maps discovered:
D:1:      dpeg_arrival_more_subterranean_lakeside_camping, layout_rooms,
          minmay_fountain_box, lexackson_kobold_supper
D:2:      layout_loops_ring, nicolae_overflow_hidden_temple,
          minmay_worlds_worst_comb
D:3:      layout_loops_ring, old_standard_altar,
          chequers_ecumenical_altar_simple, uniq_robin
D:4:      layout_basic, kennysheep_little_box, temple_fountains,
          nicolae_ossuary_entry_plus, uniq_blork_the_orc

Skill      XL: |  1  2  3  4  5  6 |
---------------+-------------------+-----
Short Blades   | 1 2 |  2.1
Crossbows      | 5 6 7 |  7.7
Fighting       | |  2.4
Dodging        | |  2.1
Stealth        | |  0.8

Action                   |  1- 3 |  4- 6 || total
-------------------------+-------+-------++-------
Melee: Short sword       |    67 |    98 ||   165
       Dagger            |    63 |    89 ||   152
 Fire: Hand crossbow     |       |    14 ||    14
 Abil: Hop               |       |     2 ||     2
  Use: Scroll            |       |     6 ||     6
       Potion            |       |     2 ||     2
Armor: Ring mail         |    58 |    38 ||    96
Dodge: Dodged            |    65 |    61 ||   126
Block: Buckler           |    11 |    55 ||    66
       Reflection        |       |     1 ||     1

Table legend: (Time is in decaauts)
 A = Elapsed time spent in this place.
 B = Non-inter-level travel time spent in this place.
 C = Inter-level travel time spent in this place.
 D = Time resting spent in this place.
 E = Time spent auto-exploring this place.
 F = Levels seen in this place.
 G = Mean time per level.
                   A        B        C        D        E       F      G
               +--------+--------+--------+--------+--------+-----+--------+
         Total |   3810 |   3704 |    106 |    139 |   2790 |   4 |  952.5 |
       Dungeon |   3810 |   3704 |    106 |    139 |   2790 |   4 |  952.5 |
               +--------+--------+--------+--------+--------+-----+--------+

Top non-repeatable levels by time:
     D:1: 1535 daAuts
     D:2: 1253 daAuts
     D:3: 835 daAuts
     D:4: 186 daAuts
